Map: Lost and Found LE

Players

MCanning - Winner!

  • Race: Protoss Protoss
  • League: Grandmaster
  • Spawn Location: 7:00

puCK (Nina)

  • Race: Protoss Protoss
  • League: Grandmaster
  • Spawn Location: 1:00

VOD

Have the link to the VOD?

Description

Time

  • Played on: Oct. 29, 2018, 11:55 p.m.
  • Length: 27:10
Show
View Real Time Build Order
Export as new Build Order

MCanning Protoss - Winner!

Build Orders: Oracle Opening 

Get SALT Encoding   

  12  0:01  Probe  
  13  0:13  Probe  
  14  0:17  Pylon  
  14  0:25  Probe  
  15  0:34  Probe  
  15  0:38  Gateway  
  15  0:42  Probe  
  16  0:47  Assimilator  
  17  0:52  Probe  
  17  0:55  Assimilator  
  18  1:03  Probe  
  19  1:09  Gateway  
  19  1:11  Probe  
  20  1:19  Probe  
  20  1:25  Cybernetics Core  
  21  1:31  Probe  
  22  1:36  Pylon  
  22  1:43  Probe  
  23  2:00  Pylon  
  24  2:03  Stalker  
  24  2:04  Stalker  
  27  2:21  Stargate  
  27  2:27  Shield Battery  
  27  2:28  Probe  
  28  2:31  Warp Gate  
  28  2:37  Shield Battery  
  27  2:48  Stalker  
  31  2:54  Oracle, Probe  
  33  3:13  Probe  
  33  3:15  Shield Battery  
  34  3:25  Oracle  
  34  3:27  Shield Battery  
  37  3:36  Gateway  
  37  4:02  Probe  
  37  4:06  Pylon  
  37  4:08  Phoenix  
  36  4:15  Probe  
  30  4:23  Probe  
  28  4:31  Probe  
  29  4:39  Stalker x2  
  29  4:41  Probe  
  34  4:53  Probe  
  32  5:05  Probe  
  33  5:13  Pylon  
  33  5:17  Probe  
  31  5:29  Probe  
  31  5:34  Nexus  
  32  5:40  Probe  
  33  5:48  Probe  
  33  5:56  Probe  
  35  6:05  Probe  
  35  6:09  Robotics Facility  
  36  6:13  Probe  
  37  6:21  Pylon  
  37  6:22  Sentry, Probe  
  40  6:34  Probe  
  41  6:46  Probe  
  42  6:47  Probe  
  43  6:56  Shield Battery  
  43  6:58  Probe x2  
  43  7:00  Robotics Bay  
  43  7:06  Probe  
  43  7:10  Observer, Probe  
  43  7:14  Probe  
  46  7:16  Assimilator  
  46  7:18  Assimilator  
  46  7:19  Zealot  
  50  7:22  Probe  
  50  7:26  Probe  
  51  7:34  Probe  
  51  7:37  Disruptor  
  52  7:38  Probe  
  52  7:42  Probe, Gateway  
  52  7:43  Gateway  
  53  7:50  Probe x2  
  58  7:56  Pylon  
  59  8:02  Probe  
  59  8:05  Disruptor  
  58  8:08  Pylon  
  58  8:14  Adept  
  58  8:15  Adept  
  51  8:35  Stalker  
  51  8:36  Stalker  
  51  8:44  Disruptor  
  48  8:51  Probe  
  52  8:58  Robotics Facility, Probe  
  53  9:03  Twilight Council  
  53  9:04  Zealot  
  53  9:07  Adept x2, Pylon  
  59  9:11  Probe  
  59  9:14  Adept  
  62  9:21  Blink  
  62  9:23  Probe  
  60  9:29  Adept x2  
  61  9:40  Probe  
  61  9:41  Probe  
  63  9:51  Disruptor  
  63  9:52  Probe  
  67  9:53  Probe  
  67  9:56  Disruptor  
  71  10:04  Probe  
  72  10:12  Probe  
  71  10:19  Probe  
  70  10:28  Stalker  
  70  10:30  Nexus, Probe  
  70  10:33  Disruptor  
  74  10:37  Pylon  
  74  10:47  Probe  
  78  10:50  Pylon  
  78  10:55  Probe  
  79  10:59  Stalker, Disruptor  
  79  11:00  Stalker  
  81  11:12  Probe  
  82  11:19  Disruptor  
  82  11:21  Stalker x2  
  82  11:24  Probe  
  86  11:26  Probe  
  86  11:31  Gateway  
  87  11:36  Probe  
  87  11:38  Stalker, Shield Battery  
  90  11:41  Probe  
  90  11:45  Disruptor  
  94  11:48  Probe  
  94  11:51  Stalker, Disruptor  
  97  11:56  Stalker  
  100  12:04  Stalker  
  100  12:07  Stalker  
  104  12:20  Disruptor, Probe  
  108  12:28  Pylon  
  108  12:30  Pylon  
  108  12:32  Assimilator  
  108  12:33  Pylon  
  108  12:36  Assimilator, Pylon  
  108  12:37  Pylon  
  108  12:46  Disruptor  
  108  12:47  Stalker x2  
  108  12:48  Stalker  
  108  12:49  Observer  
  118  13:00  Pylon  
  118  13:01  Probe  
  119  13:06  Forge  
  119  13:07  Stalker x2  
  124  13:20  Adept, Observer  
  124  13:21  Adept  
  128  13:31  Shield Battery  
  128  13:35  Shield Battery  
  128  13:38  Pylon  
  125  13:41  Photon Cannon  
  125  13:44  Photon Cannon  
  125  13:47  Disruptor  
  128  13:53  Nexus  
  128  13:56  Photon Cannon  
  128  13:57  Pylon  
  128  13:58  Disruptor  
  128  13:59  Photon Cannon  
  129  14:10  Stalker x2  
  133  14:21  Stalker  
  133  14:23  Disruptor  
  136  14:28  Disruptor  
  126  14:35  Stalker x2  
  131  14:45  Probe  
  129  14:49  Stalker x2  
  129  14:51  Zealot  
  135  15:02  Disruptor  
  135  15:06  Disruptor  
  140  15:14  Probe  
  140  15:28  Nexus  
  135  15:38  Observer  
  136  15:44  Disruptor  
  136  15:54  Disruptor  
  133  15:58  Pylon  
  135  16:09  Disruptor  
  128  16:32  Photon Cannon  
  128  16:33  Stalker x4, Disruptor  
  128  16:34  Stalker  
  128  16:35  Shield Battery  
  141  16:43  Dark Shrine, Gateway  
  141  16:45  Disruptor, Pylon  
  144  16:47  Pylon  
  144  16:48  Probe  
  145  17:01  Stalker x4  
  147  17:10  Observer  
  147  17:11  Photon Cannon  
  147  17:13  Photon Cannon  
  148  17:21  Observer  
  147  17:28  Stalker x2  
  146  17:31  Observer  
  147  17:39  Disruptor  
  143  17:51  Observer  
  143  17:57  Photon Cannon  
  144  17:59  Photon Cannon  
  144  18:05  Observer  
  142  18:14  Adept  
  142  18:15  Adept  
  142  18:17  Disruptor  
  149  18:31  Disruptor  
  149  18:34  Adept  
  115  19:51  Disruptor  
  72  25:01  Observer  
  71  26:04  Observer  
Show
View Real Time Build Order
Export as new Build Order

puCK Protoss 

Build Orders: Oracle Opening 

Get SALT Encoding   

  12  0:00  Probe  
  13  0:12  Probe  
  14  0:17  Pylon  
  14  0:24  Probe  
  15  0:32  Probe  
  15  0:37  Gateway  
  15  0:40  Probe  
  16  0:47  Assimilator  
  17  0:51  Probe  
  17  0:55  Assimilator  
  18  0:59  Probe  
  19  1:07  Probe  
  19  1:08  Gateway  
  20  1:17  Probe  
  21  1:25  Cybernetics Core  
  21  1:29  Probe  
  22  1:37  Pylon  
  22  1:42  Probe  
  23  1:55  Probe  
  24  2:03  Stargate  
  24  2:05  Adept x2  
  28  2:11  Warp Gate  
  28  2:16  Pylon  
  28  2:34  Adept x2  
  32  2:37  Oracle  
  34  2:56  Pylon  
  34  3:02  Adept x2  
  38  3:13  Oracle  
  41  3:31  Shield Battery  
  41  3:41  Probe  
  41  3:44  Nexus  
  31  4:15  Probe  
  32  4:17  Phoenix  
  31  4:34  Probe  
  30  4:46  Probe  
  31  4:58  Probe  
  32  5:01  Probe  
  30  5:10  Probe  
  30  5:13  Probe  
  32  5:22  Probe  
  32  5:25  Probe  
  33  5:31  Sentry x2  
  33  5:32  Probe  
  33  5:34  Probe  
  36  5:40  Probe  
  38  5:44  Probe  
  40  5:50  Shield Battery  
  40  5:55  Stalker  
  42  6:01  Stalker  
  44  6:11  Phoenix  
  44  6:13  Probe  
  44  6:14  Probe  
  48  6:20  Stalker  
  48  6:25  Probe  
  51  6:27  Probe  
  51  6:32  Stalker  
  54  6:40  Probe, Shield Battery  
  54  6:42  Probe  
  56  6:52  Probe  
  57  6:54  Probe  
  58  7:01  Probe  
  58  7:03  Probe  
  58  7:04  Sentry, Robotics Facility  
  62  7:10  Pylon  
  62  7:14  Pylon  
  62  7:23  Gateway  
  62  7:27  Probe  
  62  7:28  Probe  
  62  7:29  Gateway  
  64  7:34  Sentry x2  
  68  7:40  Probe x2  
  70  7:46  Pylon  
  70  7:47  Assimilator  
  70  7:49  Assimilator  
  70  7:50  Stalker  
  72  7:54  Warp Prism  
  74  8:00  Stalker  
  76  8:17  Stalker  
  60  8:32  Stalker  
  60  8:34  Probe  
  61  8:39  Probe  
  60  8:46  Phoenix  
  52  8:48  Probe  
  52  8:53  Stalker  
  52  8:54  Twilight Council  
  55  8:57  Gateway  
  55  8:59  Probe  
  55  9:00  Gateway  
  56  9:06  Adept x3  
  62  9:19  Nexus  
  62  9:28  Blink  
  60  9:33  Phoenix  
  60  9:36  Stalker x3  
  62  9:40  Pylon x2  
  62  9:45  Forge  
  64  9:49  Gateway  
  64  9:51  Observer  
  65  9:59  Stalker x2  
  70  10:02  Adept  
  70  10:05  Probe  
  70  10:06  Probe  
  70  10:15  Stalker x2  
  70  10:17  Probe  
  70  10:18  Probe  
  76  10:29  Probe  
  76  10:30  Probe  
  76  10:31  Photon Cannon  
  76  10:33  Protoss Ground Weapons Level 1, Photon Cannon  
  78  10:37  Probe  
  78  10:38  Observer  
  78  10:42  Photon Cannon  
  79  10:47  Probe  
  82  10:50  Phoenix  
  82  10:53  Dark Shrine, Probe  
  82  11:00  Probe  
  85  11:06  Stalker  
  85  11:07  Stalker  
  85  11:10  Probe  
  88  11:13  Probe  
  89  11:18  Stalker  
  89  11:22  Probe  
  93  11:27  Photon Cannon  
  93  11:30  Phoenix  
  93  11:47  Stalker x5  
  103  11:56  Phoenix  
  105  12:02  Stalker x2  
  105  12:05  Pylon  
  109  12:08  Assimilator  
  109  12:09  Assimilator, Probe x3  
  112  12:16  Dark Templar x2  
  112  12:19  Protoss Ground Weapons Level 2  
  112  12:20  Pylon  
  116  12:27  Dark Templar  
  118  12:35  Pylon  
  118  12:37  Pylon  
  116  12:54  Stalker  
  116  12:55  Stalker x4  
  118  13:11  Phoenix  
  114  13:19  Probe  
  107  13:20  Probe  
  107  13:24  Stalker x3  
  114  13:28  Stalker  
  114  13:33  Nexus  
  114  13:34  Phoenix  
  102  13:51  Phoenix  
  102  13:52  Stalker x6  
  112  13:59  Stalker  
  116  14:08  Observer  
  116  14:13  Pylon  
  116  14:14  Pylon  
  97  14:43  Stalker  
  97  14:44  Stalker x6  
  109  14:47  Gateway  
  109  14:48  Probe  
  109  14:49  Photon Cannon  
  109  14:52  Photon Cannon, Probe x3  
  113  14:57  Gateway  
  109  15:08  Stalker x2  
  109  15:09  Stalker x2  
  109  15:10  Observer  
  109  15:13  Stalker  
  118  15:22  Stalker x2  
  122  15:34  Stalker x4  
  93  15:37  Dark Templar  
  95  15:45  Dark Templar x2  
  97  15:58  Dark Templar x4  
  103  16:15  Observer  
  91  16:20  Stalker x4  
  95  16:30  Stalker x4  
  97  16:40  Stalker  
  99  16:48  Stalker x4  
  99  16:53  Stalker x3  
  113  17:04  Assimilator x2  
  112  17:11  Stalker x3  
  116  17:28  Dark Templar  
  114  17:49  Stalker x2  
  115  18:06  Observer  
  113  18:23  Charge  
  111  18:30  Nexus  
  111  18:33  Nexus  
  98  18:45  Pylon  
  98  18:46  Pylon  
  76  19:04  Stalker x7  
  76  19:05  Stalker  
  92  19:11  Nexus, Observer  
  87  19:42  Probe  
  87  19:50  Stalker x4  
  93  20:09  Pylon  
  67  21:14  Stalker x8  
  69  21:29  Observer  
  70  21:41  Probe  
  70  21:42  Nexus  
  70  21:46  Stalker x3  
  75  21:50  Probe x2  
  77  21:58  Probe  
  68  22:41  Zealot x4  
  64  23:21  Probe  
  54  23:35  Observer  
  54  23:52  Stalker x2  
  40  24:13  Observer  
  40  24:16  Pylon  
  38  24:28  Oracle  
  34  25:27  Observer  
Tags
 
Add a new tag
Caveats
  • Supply blocks, unpowered buildings, or Contaminate may cause inaccurate times.
  • Supply counts are checked every 10 seconds.